 Dungeon Crawl Stone Soup version 0.28-b1-25-g9875b3fc8c (webtiles) character file.

Game seed: 15550955425105599678

206 comborobin the Insei (level 5, 0/42 HPs)
             Began as a Demigod Delver on Feb 2, 2022.
             Succumbed to an adder's poison
             ... on level 3 of the Dungeon.
             The game lasted 00:04:31 (3488 turns).

comborobin the Insei (Demigod Delver)               Turns: 3488, Time: 00:04:32

Health: 0/42       AC:  4    Str: 13    XL:     5   Next: 28%
Magic:  7/7        EV: 11    Int: 16    God:
Gold:   74         SH:  0    Dex: 15    Spells: 4/4 levels left

rFire   + . .      SeeInvis .     - Unarmed
rCold   x . .      Faith    .   (no shield)
rNeg    . . .      Spirit   .   a - +0 leather armour
rPois   .          Reflect  .   (no helmet)
rElec   .          Harm     .   (no cloak)
rCorr   .          Rampage  .   (no gloves)
Will    .....                   n - +0 pair of boots
Stlth   +++.......              (no amulet)
HPRegen 0.14/turn               i - ring of wizardry
MPRegen 0.10/turn               j - ring of fire

@: lethally poisoned (0 -> -1), studying Transmutations
A: high MP 1, forlorn, divine attributes
a: no special abilities


You were on level 3 of the Dungeon.
You visited 1 branch of the dungeon, and saw 6 of its levels.

You collected 74 gold pieces.

Inventory:

Missiles
 k - 2 poisoned darts (quivered)
Armour
 a - a +0 leather armour (worn)
 n - a +0 pair of boots (worn)
Jewellery
 i - a ring of wizardry (left hand)
 j - a ring of fire (right hand)
Wands
 f - a wand of digging (3)
Scrolls
 b - 2 scrolls of fog
 c - a scroll of magic mapping
 g - 2 scrolls of identify {unknown}
 h - 2 scrolls of teleportation


   Skills:
 - Level 2.6 Fighting
 - Level 1.7 Dodging
 - Level 4.5 Stealth
 + Level 5.3 Unarmed Combat


You had 4 spell levels left.
You didn't know any spells.
Your spell library contained the following spells:

 Spells                   Type           Power      Damage    Failure   Level
 Animate Dead             Necr           0%         N/A       75%         4
 Borgnjor's Vile Clutch   Necr/Erth      0%         N/A       96%         5
 Death Channel            Necr           0%         N/A       100%        6


Dungeon Overview and Level Annotations

Branches:
Dungeon (6/15)
 Temple: D:4-7

Annotations:
D:5 1 transporter


Innate Abilities, Weirdness & Mutations

You have an increased reservoir of magic. (+10% MP)
You shall have no god before yourself.
Your divine heritage dramatically boosts your attributes as you level up.


Message History

You aren't carrying any potions.
Unknown command.
You closely miss the adder.
The adder is almost dead.
You feel very sick. The adder bites you.
You hit the adder.
You kill the adder!
* * * LOW HITPOINT WARNING * * *
You feel very sick.
You hit the giant cockroach.
The giant cockroach is heavily wounded.
* * * LOW HITPOINT WARNING * * *
You feel sick. The giant cockroach barely misses you.
You barely miss the giant cockroach.
The giant cockroach is heavily wounded.
* * * LOW HITPOINT WARNING * * *
You feel sick. The giant cockroach closely misses you.
* * * LOW HITPOINT WARNING * * *
You feel sick. The giant cockroach misses you.
* * * LOW HITPOINT WARNING * * *
You feel sick.
As you read the scroll of fear, it crumbles to dust.
You assume a fearsome visage.
The kobold looks frightened!
The giant cockroach looks frightened!
The hobgoblin looks frightened!
* * * LOW HITPOINT WARNING * * *
You feel sick.
Blink to where?
Press: ? - help, Dir - move target
As you read the scroll labelled FELE FEYLATYFU, it crumbles to dust.
It was a scroll of blinking.
* * * LOW HITPOINT WARNING * * *
You feel sick.
This is a scroll of acquirement!
You see here a manual of Transmutations.
Something appears at your feet!
* * * LOW HITPOINT WARNING * * *
You feel sick.
You pick up a manual of Transmutations and begin studying.
You die...

...g.K†...###...#####
....K##.#§.....##
.....##...r.....##
.....###.........#
.....# #.........#
....## #.........#
...## ##.........#
#### #..........#
####.........@#
##.............#
...#.......).....#
.........>.......#
.<#..............###
..#.....#..........#
.........#.....#...#
....#..#.###..#....#
...#.........#.....#


You could see a quokka.

Vanquished Creatures
  2 orc priests (D:3)
  An orc wizard (D:3)
  4 adders
  A white imp (D:5)
  2 worms
  A dart slug (D:1)
  5 orcs (D:3)
  8 ball pythons
  7 endoplasms
  3 giant cockroaches
  7 goblins
  4 hobgoblins
  2 jackals (D:1)
  5 kobolds
  A quokka (D:3)
  3 bats
  5 frilled lizards
  8 rats
69 creatures vanquished.

Notes
Turn   | Place    | Note
-------+----------+-------------------------------------------
     0 | D:5      | comborobin the Demigod Delver began the quest for the Orb.
     0 | D:5      | Reached XP level 1. HP: 18/18 MP: 3/3
    27 | D:5      | Noticed an ancient zyme
    29 | D:5      | Found a transporter.
    47 | D:5      | Reached skill level 2 in Unarmed Combat
   150 | D:5      | Noticed an ogre
   154 | D:6      | Noticed a necrophage
   154 | D:6      | Noticed a hound
   469 | D:3      | Reached XP level 2. HP: 25/25 MP: 4/4
   651 | D:1      | Reached skill level 3 in Unarmed Combat
  1196 | D:1      | Reached XP level 3. HP: 26/30 MP: 5/5
  1504 | D:1      | You fall into a shaft and drop 1 floor!
  2359 | D:2      | Reached skill level 4 in Unarmed Combat
  2427 | D:2      | Reached XP level 4. HP: 37/37 MP: 6/6
  3097 | D:3      | Reached skill level 5 in Unarmed Combat
  3097 | D:3      | Reached XP level 5. HP: 26/42 MP: 7/7
  3486 | D:3      | HP: 2/42 [poisoned by an adder]
  3487 | D:3      | Identified a scroll of acquirement
  3487 | D:3      | Acquired a manual of Transmutations
  3488 | D:3      | Succumbed to an adder's poison

Illustrated notes

Levels and vault maps discovered:
D:1:      onia_arrival_mini_spirals, layout_basic, serial_glass,
          glass_columns_a, glass_columns_b, nicolae_ecumenical_lake_church,
          minmay_pentomino_q4
D:2:      layout_basic, serial_forest, infiniplex_forest_straight_2,
          infiniplex_forest_straight_1, infiniplex_forest_end_1,
          infiniplex_forest_end_2, infiniplex_forest_side_room,
          infiniplex_forest_lined_corner, infiniplex_forest_clump_diagonal,
          basic_altar
D:3:      layout_rooms, mainiacjoe_overflow_surrounded_room, chequers_jeans,
          minmay_surrounded
D:4:      wander_river, layout_cave_pools, mainiacjoe_overflow_tiny_flanked,
          kennysheep_mini_moat, lemuel_round_altar, grunt_gozag_breadcrumbs,
          grunt_temple_overflow_diamond, minmay_misc_feat_pillars,
          corexii_item_surrounded_by_moat, grunt_decor_arrowhead, uniq_edmund
D:5:      layout_gridville, tso_altar, gammafunk_ghost_abyssal_escape,
          uniq_sigmund, uniq_duvessa
D:6:      layout_cave_pools, minmay_temple_entry_large_hall,
          minmay_stone_trees_small, minmay_chambers_of_fives

Skill      XL: |  1  2  3  4 |
---------------+-------------+-----
Unarmed Combat | 2 3 4 5 |  5.3
Fighting       | |  2.6
Dodging        | |  1.7
Stealth        | |  4.5

Action                   |  1- 3 |  4- 6 || total
-------------------------+-------+-------++-------
Melee: Unarmed           |   198 |   101 ||   299
       Punch             |    12 |     3 ||    15
Throw: Dart              |     3 |     5 ||     8
  Use: Scroll            |     3 |     3 ||     6
       Potion            |       |     2 ||     2
 Stab: Sleeping          |     7 |     3 ||    10
Armor: Leather armour    |    46 |    35 ||    81
Dodge: Dodged            |    97 |    50 ||   147
